AoeStats
← Milo Thatch

Migration

509909300Analyzed
1v1 RM · 4d ago on Sep 28, 2026· 26m 35s· 2 players
Game mode
Random Map
Map size
132×132
Population
200
Speed
Normal
Resources
Standard
Victory
Conquest
Starting age
Dark Age
Ending age
Imperial Age
RankedLock teamsTeams togetherTeam positionsShared explorationLock speedFull tech treeHidden civsTurbo modeCheats
Victory
Defeat
🇷🇺 Spanish · Russia
774
+15
🇺🇸 Portuguese · United States
746
-30
Milo Thatch
12:00 Loom
14:23 Feudal Age
15:56 Double-Bit Axe
15:52 Horse Collar
25:02 Castle Age
23:56 Forging
23:47 Scale Mail Armor
25:25 Fletching
25:35 Padded Archer Armor
25:53 Thumb Ring
25:10 Crossbowman
Newby
11:22 Feudal Age
16:21 Castle Age
15:12 Double-Bit Axe
17:07 Horse Collar
20:24 Stone Mining
24:15 Scale Barding Armor
24:42 Man-at-Arms
Connection lost

Rejoining the realm…

Still unreachable

The connection could not be restored.

Session expired

The server has moved on; the page needs a fresh start.